 Dungeon Crawl Stone Soup version 0.29-a0-322-g68df515 (webtiles) character file.

Game seed: 2810372111580554210

973 Toastz the Grappler (level 7, -24/59 HPs)
             Began as a Green Draconian Transmuter on Apr 7, 2022.
             Killed from afar by Ijyb (32 damage)
             ... with a bolt of acid
             ... on level 5 of the Dungeon.
             The game lasted 00:15:27 (5598 turns).

Toastz the Grappler (Green Draconian Transmuter)    Turns: 5598, Time: 00:15:28

Health: -24/59     AC: -2    Str: 14    XL:     7   Next: 94%
Magic:  10/10      EV: 12    Int: 13    God:
Gold:   231        SH:  0    Dex: 12    Spells: 4/10 levels left

rFire   + . .      SeeInvis +     - Unarmed
rCold   . . .      Faith    .   (no shield)
rNeg    . . .      Spirit   .   (body armour unavailable)
rPois   +          Reflect  .   (helmet currently unavailable)
rElec   .          Harm     .   (no cloak)
rCorr   .          Rampage  .   (no gloves)
Will    .....                   (boots currently unavailable)
Stlth   +.........              (no amulet)
HPRegen 0.19/turn               w - ring of protection from fire
MPRegen 0.12/turn               x - ring of see invisible

@: mighty, appendages (expiring), corroded
A: horns 2, talons 2, breathe noxious fumes, AC +6, unfitting armour, poison
resistance, cold-blooded
a: Breathe Noxious Fumes, End Transformation


You were on level 5 of the Dungeon.
You had temporarily grown beastly horns and talons.
You visited 1 branch of the dungeon, and saw 5 of its levels.

You collected 231 gold pieces.

Inventory:

Hand Weapons
 b - a +0 hunting sling
Missiles
 f - 132 stones
 q - 18 poisoned darts (quivered)
Jewellery
 w - a ring of protection from fire (left hand)
 x - a ring of see invisible (right hand)
Wands
 r - a wand of digging (7)
 s - a wand of acid (5)
 u - a wand of flame (10)
Scrolls
 e - 2 scrolls of teleportation
 h - 4 scrolls of fog
 i - 3 scrolls of magic mapping
 j - a scroll of torment {unknown}
 k - a scroll of summoning
 l - a scroll of amnesia
 o - 2 scrolls of fear
Potions
 a - 2 potions of lignification
 c - 3 potions of curing
 d - a potion of mutation
 g - a potion of invisibility
 n - 2 potions of haste
 p - a potion of might
 t - a potion of flight {unknown}
 v - a potion of ambrosia {unknown}
 z - a potion of brilliance {unknown}


   Skills:
 - Level 4.0 Fighting
 - Level 2.0 Dodging
 * Level 8.2 Unarmed Combat
 - Level 2.0 Spellcasting
 + Level 3.0 Transmutations
 + Level 2.5 Poison Magic


You had 4 spell levels left.
You knew the following spells:

 Your Spells              Type           Power      Damage    Failure   Level
a - Beastly Appendage     Tmut           18%        N/A       8%          1
b - Wereblood             Tmut           9%         N/A       11%         2
c - Spider Form           Tmut/Pois      8%         N/A       24%         3

Your spell library contained the following spells:

 Spells                   Type           Power      Damage    Failure   Level
 Animate Skeleton         Necr           2%         N/A       26%         1
 Foxfire                  Conj/Fire      4%         2x1d4     26%         1
 Freeze                   Ice            4%         1d3       26%         1
 Pain                     Necr           4%         1d4       26%         1
 Ignite Poison            Fire/Tmut/Pois 6%         N/A       34%         3
 Ensorcelled Hibernation  Hex/Ice        2%         N/A       36%         2
 Mephitic Cloud           Conj/Pois/Air  3%         N/A       47%         3
 Conjure Flame            Conj/Fire      1%         6-21      58%         3
 Frozen Ramparts          Ice            2%         1d2       58%         3
 Inner Flame              Hex/Fire       1%         N/A       58%         3
 Ozocubu's Armour         Ice            1%         N/A       58%         3
 Vampiric Draining        Necr           1%         2d6       58%         3
 Ice Form                 Ice/Tmut       5%         N/A       80%         4
 Anguish                  Hex/Necr       0%         N/A       94%         4
 Flame Wave               Conj/Fire      1%         2d4       94%         4
 Hailstorm                Conj/Ice       1%         3d3       94%         4
 Agony                    Necr           1%         N/A       100%        5
 Excruciating Wounds      Necr           0%         N/A       100%        5
 Freezing Cloud           Conj/Ice/Air   0%         6-21      100%        5
 Ozocubu's Refrigeration  Ice            0%         4d5       100%        7


Dungeon Overview and Level Annotations

Branches:
Dungeon (5/15)
 Temple: D:4-7

Altars:
Kikubaaqudgha
Zin

Annotations:
D:5 1 runed translucent door, Ijyb; anarkitty's ghost, novice MiFi


Innate Abilities, Weirdness & Mutations

You have temporarily grown beastly horns and talons.
You can breathe blasts of noxious fumes.
Your lurid green scales are hard. (AC +6)
You cannot fit into any form of body armour.
Your system is resistant to poisons. (rPois)
You are cold-blooded and may be slowed by cold attacks.


Message History

Your magical contamination has completely faded away.
Your horns disappear.
Your talons disappear.
q - 19 poisoned darts (gained 1)
You open the door.
Ijyb the Twisted Goblin comes into view.
She is wielding a +6 club and carrying a wand of acid (10).
Found 13 gold pieces.
You throw a poisoned dart. The poisoned dart hits Ijyb.
Ijyb shouts!
Casting: Beastly Appendage (safe; 8% risk of failure)
Confirm with . or Enter, or press ? or * to list all spells.
You grow a pair of large bovine horns.
Your feet morph into talons.
You hit Ijyb but do no damage. Your kick misses Ijyb.
Your headbutt misses Ijyb.
Ijyb zaps a wand.
The bolt of acid misses you.
You barely miss Ijyb. You claw Ijyb, but do no damage.
Your headbutt misses Ijyb. You tail-slap Ijyb, but do no damage.
Ijyb zaps a wand.
The bolt of acid hits you! The acid corrodes you!
You closely miss Ijyb. Ijyb hits you with a +6 club.
You hit Ijyb but do no damage. You headbutt Ijyb, but do no damage.
Ijyb zaps a wand.
The bolt of acid hits you!!
Ouch! That really hurt!
* * * LOW HITPOINT WARNING * * *
The acid corrodes you!
You feel much better.
Your transformation is almost over.
Ijyb hits you with a +6 club!
You feel very mighty all of a sudden. Ijyb completely misses you.
You hit Ijyb but do no damage. Ijyb hits you with a +6 club.
* * * LOW HITPOINT WARNING * * *
You hit Ijyb but do no damage. You claw Ijyb, but do no damage.
Your headbutt misses Ijyb. You punch Ijyb! You claw Ijyb, but do no damage.
Ijyb is heavily wounded.
Ijyb hits you with a +6 club.
* * * LOW HITPOINT WARNING * * *
You closely miss Ijyb. You headbutt Ijyb.
Ijyb is heavily wounded.
Ijyb zaps a wand.
The bolt of acid hits you!!
Ouch! That really hurt!
You die...

.......................
.......................
.......>...............
.......................
.####...###+##..####...
.####...##..##..####
...................+
....)..............#
................@..#
######..##..####g###
≈)≈####'##..####.$ #..#
####..........#.(..#...#...
#.............#....#...+...
#.............#....#..##..#
#.............#....#..##..#
#.............+....#...#..#
##.###..##..### ####..##..#


You could see Ijyb.

Vanquished Creatures
  Sigmund (D:3)
  A black bear (D:5)
  The ghost of AlexanderH the Digger, an amateur DrEE (D:4)
  A centaur (D:5)
  2 scorpions
  4 hounds
  2 jellies (D:4)
  An orc priest (D:4)
  An iguana (D:5)
  2 orc wizards (D:4)
  3 gnolls (D:4)
  2 adders (D:2)
  3 worms
  2 dart slugs
  11 orcs
  9 ball pythons
  6 endoplasms
  A giant cockroach (D:2)
  5 goblins
  7 hobgoblins
  A jackal (D:1)
  9 kobolds
  2 quokkas (D:1)
  4 bats
  3 frilled lizards
  7 rats
91 creatures vanquished.

Notes
Turn   | Place    | Note
-------+----------+-------------------------------------------
     0 | D:1      | Toastz the Draconian Transmuter began the quest for the
                  | Orb.
     0 | D:1      | Reached XP level 1. HP: 16/16 MP: 3/3
   230 | D:1      | Reached XP level 2. HP: 14/23 MP: 1/5
   233 | D:1      | Learned a level 2 spell: Wereblood
  1276 | D:2      | Reached XP level 3. HP: 26/29 MP: 3/6
  1498 | D:2      | Reached skill level 4 in Unarmed Combat
  1788 | D:2      | Found a glowing silver altar of Zin.
  1977 | D:2      | Found a faded altar of an unknown god.
  2151 | D:3      | Noticed Sigmund
  2718 | D:3      | Reached XP level 4. HP: 37/37 MP: 3/7
  2721 | D:3      | Killed Sigmund
  2722 | D:3      | Reached skill level 6 in Unarmed Combat
  2722 | D:3      | Reached XP level 5. HP: 45/45 MP: 4/8
  3398 | D:3      | Reached XP level 6. HP: 45/51 MP: 6/9
  4124 | D:4      | Found a runed translucent door.
  4124 | D:4      | Noticed AlexanderH's ghost (amateur DrEE)
  4211 | D:4      | Reached skill level 7 in Unarmed Combat
  4393 | D:4      | Found an ancient bone altar of Kikubaaqudgha.
  4586 | D:4      | Your scales start taking on a lurid green colour.
  4586 | D:4      | Reached XP level 7. HP: 57/59 MP: 8/10
  4586 | D:4      | Gained mutation: Your system is resistant to poisons.
                  | (rPois) [Green Draconian growth]
  4913 | D:4      | Learned a level 3 spell: Spider Form
  4969 | D:4      | Killed AlexanderH's ghost
  4970 | D:4      | Reached skill level 1 in Poison Magic
  5206 | D:5      | Entered Level 5 of the Dungeon
  5286 | D:5      | Reached skill level 8 in Unarmed Combat
  5431 | D:5      | Found a runed translucent door.
  5434 | D:5      | Noticed anarkitty's ghost (novice MiFi)
  5586 | D:5      | Noticed Ijyb
  5598 | D:5      | Killed from afar by Ijyb

Illustrated notes

Levels and vault maps discovered:
D:1:      psy_arrival_statuary, layout_loops_ring, minmay_unequal
D:2:      layout_basic, hellmonk_ecumenical_altar_lost_god, basic_altar
D:3:      layout_basic, uniq_sigmund
D:4:      layout_cave_pools, kiku_gazebo_garden_becter,
          hellmonk_ghost_happy_afterlife
D:5:      layout_gridville, ebering_ghost_sewer_d, uniq_ijyb

Skill      XL: |  1  2  3  4  5  6  7 |
---------------+----------------------+-----
Fighting       | 2 3 4 |  4.0
Unarmed Combat | 4 6 7 8 |  8.2
Dodging        | 2 |  2.0
Poison Magic   | 2 |  2.5
Transmutations | 3 |  3.0
Spellcasting   | |  2.0

Action                   |  1- 3 |  4- 6 |  7- 9 || total
-------------------------+-------+-------+-------++-------
Melee: Unarmed           |   108 |    78 |    58 ||   244
       Kick              |    15 |    21 |    17 ||    53
       Headbutt          |    13 |    17 |    13 ||    43
       Tailslap          |    10 |     8 |    12 ||    30
       Punch             |     3 |     4 |     2 ||     9
 Fire: Hunting sling     |     5 |     1 |       ||     6
Throw: Stone             |    51 |     3 |       ||    54
       Dart              |       |    29 |    21 ||    50
 Cast: Beastly Appendage |    33 |    22 |    10 ||    65
       Wereblood         |     1 |     3 |       ||     4
 Abil: Breathe Noxious F |       |       |     1 ||     1
  Use: Scroll            |     7 |     4 |     2 ||    13
       Potion            |       |       |     2 ||     2
Armor: Skin              |    37 |    23 |    19 ||    79
Dodge: Dodged            |    68 |    61 |    20 ||   149

Table legend: (Time is in decaauts)
 A = Elapsed time spent in this place.
 B = Non-inter-level travel time spent in this place.
 C = Inter-level travel time spent in this place.
 D = Time resting spent in this place.
 E = Time spent auto-exploring this place.
 F = Levels seen in this place.
 G = Mean time per level.
                   A        B        C        D        E       F      G
               +--------+--------+--------+--------+--------+-----+--------+
         Total |   5585 |   5394 |    191 |   1193 |   3327 |   5 | 1117.0 |
       Dungeon |   5585 |   5394 |    191 |   1193 |   3327 |   5 | 1117.0 |
               +--------+--------+--------+--------+--------+-----+--------+

Top non-repeatable levels by time:
     D:3: 1362 daAuts
     D:2: 1336 daAuts
     D:1: 1253 daAuts
     D:4: 1246 daAuts
     D:5: 386 daAuts
